Map: Dash and Terminal LE (Void)

Players

Matiz

  • Race: Zerg Zerg
  • League: Master

TomikuS - Winner!

  • Race: Zerg Zerg
  • League: Grandmaster

Event: Lycan League Weekly August #2

VOD

Have the link to the VOD?

Description

Time

  • Played on: Aug. 10, 2015, 1:43 p.m.
  • Length: 9:37

All games in this series

Show
View Real Time Build Order
Export as new Build Order

Matiz Zerg 

Build Orders: Pool First, Zergling Baneling 

Get SALT Encoding   

  12  0:02  Drone  
  13  0:13  Overlord  
  13  0:18  Drone  
  14  0:26  Drone, Extractor  
  15  0:32  Drone  
  16  0:35  Drone  
  17  0:49  Spawning Pool  
  16  0:51  Drone  
  17  0:58  Drone  
  17  1:03  Extractor  
  17  1:08  Drone  
  18  1:21  Drone  
  19  1:25  Hatchery  
  19  1:32  Drone  
  19  1:36  Queen  
  21  1:44  Overlord  
  21  1:51  Zergling x2  
  22  2:04  Metabolic Boost  
  22  2:07  Drone  
  23  2:12  Drone, Queen  
  26  2:23  Overlord  
  26  2:31  Baneling Nest  
  24  2:40  Zergling x4  
  26  2:46  Drone x4  
  26  2:51  Drone x2  
  32  2:59  Evolution Chamber  
  30  3:08  Spine Crawler, Zergling x4  
  31  3:19  Drone x2  
  33  3:20  Drone x2  
  35  3:30  Zerg Ground Armor Level 1  
  35  3:34  Evolution Chamber, Drone  
  35  3:37  Drone  
  35  3:40  Drone  
  30  3:48  Baneling  
  30  3:51  Zergling x6  
  30  3:54  Drone  
  34  4:01  Baneling  
  34  4:05  Zergling x4  
  34  4:06  Zergling x4  
  38  4:11  Baneling x3  
  38  4:16  Drone x2  
  40  4:17  Drone  
  34  4:39  Zergling x10  
  34  4:42  Baneling  
  38  4:46  Drone x5  
  43  4:53  Overlord, Baneling x4  
  43  5:06  Baneling  
  42  5:15  Zergling x2  
  42  5:16  Zergling x2  
  42  5:20  Zergling x12  
  47  5:26  Zergling x4  
  47  5:27  Zergling x4  
  51  5:40  Zerg Melee Weapons Level 1  
  50  5:58  Zergling x4  
  50  6:00  Zergling x2  
  50  6:06  Zergling x4  
  50  6:07  Overlord x3, Baneling x2  
  50  6:09  Drone  
  39  6:20  Hatchery, Zergling x10  
  43  6:35  Drone x2  
  45  6:43  Baneling x2  
  45  6:44  Zergling x12  
  50  6:55  Baneling x2  
  50  6:56  Zergling x4  
  51  7:02  Zergling x2  
  51  7:03  Zergling x2  
  51  7:08  Baneling x3  
  50  7:11  Zergling x6  
  52  7:16  Zergling x4  
  46  7:23  Zergling x2  
  46  7:24  Zergling x2  
  46  7:25  Zergling x2  
  46  7:29  Zergling x2  
  43  7:31  Zergling x2  
  43  7:33  Baneling  
  39  7:38  Zergling x2  
  39  7:42  Zergling x2  
  35  7:44  Zergling x2  
  35  7:48  Zergling x2  
  35  8:00  Baneling x2  
  35  8:02  Drone x2  
  35  8:05  Zergling x2  
  38  8:10  Drone  
  39  8:14  Baneling x2  
  39  8:15  Baneling  
  38  8:23  Zergling x4  
  38  8:24  Zergling x2  
  36  8:28  Zergling x2  
  33  8:37  Drone x2  
  33  8:38  Drone  
  36  8:54  Zergling x8  
  39  8:58  Zergling x4  
  41  9:09  Zergling x2  
  38  9:10  Zergling x6  
  38  9:15  Zergling x2  
  30  9:20  Zergling x2  
Show
View Real Time Build Order
Export as new Build Order

TomikuS Zerg - Winner!

Build Orders: Hatch First, Zergling Baneling 

Get SALT Encoding   

  12  0:01  Drone  
  13  0:13  Overlord  
  13  0:19  Drone  
  14  0:31  Drone x2  
  16  0:36  Drone  
  17  0:53  Hatchery  
  16  0:58  Drone  
  16  0:59  Drone  
  16  1:01  Extractor  
  17  1:16  Spawning Pool  
  17  1:18  Drone  
  17  1:21  Drone  
  18  1:32  Overlord  
  18  1:39  Drone  
  19  2:03  Zergling x4  
  19  2:05  Metabolic Boost, Queen x2  
  25  2:12  Drone x2  
  27  2:24  Baneling Nest  
  27  2:25  Overlord  
  27  2:30  Drone  
  27  2:33  Drone  
  28  2:47  Drone x2, Spine Crawler  
  28  2:48  Drone  
  29  3:09  Baneling x2  
  29  3:15  Drone x6  
  29  3:16  Overlord  
  29  3:18  Zergling x4  
  37  3:20  Zergling x2  
  37  3:25  Zergling x4  
  40  3:29  Zergling x2  
  40  3:34  Zergling x4  
  43  3:40  Overlord  
  42  3:47  Zergling x2  
  42  3:48  Zergling x10  
  48  3:58  Overlord  
  47  4:07  Baneling x2  
  47  4:09  Baneling x6  
  47  4:11  Zergling x2  
  47  4:12  Zergling x6  
  51  4:29  Zergling x10  
  51  4:30  Zergling x8  
  52  4:41  Zergling x4  
  52  4:49  Evolution Chamber, Baneling  
  52  4:50  Baneling x4  
  52  4:51  Extractor  
  52  4:52  Drone x2  
  52  5:02  Hatchery  
  48  5:19  Zergling x16  
  48  5:20  Zergling x4  
  56  5:23  Baneling x2  
  56  5:31  Zerg Melee Weapons Level 1  
  55  5:38  Drone x4  
  55  5:39  Baneling  
  58  5:51  Zergling x2  
  58  5:52  Zergling x2  
  47  6:08  Zergling x4  
  47  6:09  Zergling x10  
  47  6:10  Zergling x2  
  48  6:18  Zergling x6  
  48  6:22  Evolution Chamber  
  48  6:23  Baneling  
  48  6:24  Baneling  
  48  6:25  Zergling x6  
  52  6:29  Queen  
  53  6:35  Baneling x6  
  53  6:43  Zergling x2  
  53  6:44  Zergling x16  
  53  6:45  Zergling x4  
  53  6:46  Baneling  
  53  6:47  Baneling x4  
  62  7:01  Zergling x6  
  62  7:02  Baneling x2, Zergling x2  
  64  7:10  Zergling x4  
  64  7:21  Zergling x4  
  64  7:22  Zergling x6  
  65  7:23  Overlord  
  52  7:30  Zergling x6  
  52  7:31  Zergling x6  
  52  7:33  Zergling x2  
  53  7:38  Zergling x4  
  53  7:43  Zergling x2  
  52  7:44  Zergling x2  
  49  8:03  Zergling x10  
  52  8:10  Baneling x2  
  52  8:11  Baneling x2  
  51  8:23  Zergling x2  
  51  8:24  Zergling x14  
  52  8:30  Zergling x4  
  52  8:35  Zergling x4  
  52  8:36  Baneling x3  
  51  8:53  Zergling x6  
  51  8:54  Baneling x2, Zergling x6  
  55  9:02  Baneling  
  53  9:14  Baneling  
  53  9:16  Zergling x4  
  49  9:17  Zergling x8  
  49  9:18  Zergling x2  
  49  9:19  Zergling x2  
  49  9:20  Zergling x2  

Tags
 
Add a new tag
Caveats
  • Supply blocks, unpowered buildings, or Contaminate may cause inaccurate times.
  • Supply counts are checked every 10 seconds.